 Dungeon Crawl Stone Soup version 0.31-a0-1068-g5939ac1fb6 (webtiles) character file.

Game seed: 16696313105075669416

196 MacCMillion the Shooter (level 5, 0/39 HPs)
             Began as a Barachi Hunter on Nov 24, 2023.
             Slain by a black bear (6 damage)
             ... on level 4 of the Dungeon.
             The game lasted 00:04:30 (2661 turns).

MacCMillion the Shooter (Barachi Hunter)            Turns: 2661, Time: 00:04:32

Health: 0/39       AC:  3    Str: 13    XL:     5   Next: 75%
Magic:  5/5        EV: 12    Int:  9    God:
Gold:   24         SH:  0    Dex: 17    Spells: 4/4 levels left

rFire   . . .        n - +2 shortbow
rCold   . . .        (shield currently unavailable)
rNeg    + . .        c - +0 leather armour
rPois   .            (no helmet)
rElec   .            (no cloak)
rCorr   .            (no gloves)
SInv    .            (no boots)
Will    .....        (no amulet)
Stlth   ++           f - ring of positive energy
HPRegen 0.26/turn    (no ring)
MPRegen 0.09/turn

%: no passive effects
@: slow
A: amphibious, slowness 1, strong legs 1, +LOS
a: Hop


You were on level 4 of the Dungeon.
You visited 1 branch of the dungeon, and saw 4 of its levels.

You collected 186 gold pieces.
You spent 162 gold pieces at shops.

Inventory:

Hand Weapons
 a - a +0 shortbow
 n - a +2 shortbow (weapon)
Armour
 c - a +0 leather armour (worn)
Jewellery
 e - a ring of flight
 f - a ring of positive energy (left hand)
 r - an amulet of the acrobat
Scrolls
 b - a scroll of butterflies
 g - 2 scrolls of teleportation {unknown}
 i - a scroll of enchant armour {unknown}
 j - 3 scrolls of identify {unknown}
 m - a scroll of poison {unknown}
 q - a scroll of blinking {unknown}
Potions
 d - 2 potions of mutation {unknown}
 h - a potion of curing {unknown}
 k - a potion of heal wounds {unknown}
 l - a potion of might {unknown}
 o - a potion of enlightenment {unknown}
 p - a potion of attraction {unknown}


   Skills:
 - Level 2.4 Fighting
 + Level 6.5 Ranged Weapons
 - Level 2.1 Dodging
 - Level 2.0 Stealth


You had 4 spell levels left.
You didn't know any spells.
Your spell library contained the following spells:

 Spells                   Type           Power      Damage    Failure   Level
 Necrotise                Necr           0%         1d4       45%         1
 Dazzling Flash           Conj/Hex       0%         N/A       83%         3
 Gell's Gravitas          Tloc           0%         N/A       83%         3
 Teleport Other           Tloc           0%         N/A       83%         3
 Vampiric Draining        Necr           0%         2d6       83%         3
 Volatile Blastmotes      Fire/Tloc      0%         2d10      83%         3
 Agony                    Necr           0%         N/A       100%        5
 Dispersal                Tloc           0%         N/A       100%        6
 Starburst                Conj/Fire      0%         6d3       100%        6
 Maxwell's Capacitive Co  Air            0%         ∞         100%        8


Dungeon Overview and Level Annotations

Branches:
Dungeon (4/15)
 Temple: D:4-7

Altars:
Xom

Shops:
D:3 ([


Innate Abilities, Weirdness & Mutations

You are amphibious.
You cover ground slowly.
You can hop short distances.
You have an extended range of vision and can be seen from far away.


Message History

You shoot an arrow.
The arrow hits the black bear but does no damage.
The black bear is severely wounded.
You shoot an arrow.
The arrow hits the black bear but does no damage.
The black bear is severely wounded.
You shoot an arrow. The arrow barely misses the black bear.
The black bear bites you but does no damage.
The black bear completely misses you. The black bear claws you.
You shoot an arrow. The arrow barely misses the black bear.
The black bear barely misses you. The black bear closely misses you.
The black bear misses you. The black bear bites you.
The black bear barely misses you. The black bear claws you.
You shoot an arrow. The arrow hits the black bear.
The black bear is severely wounded.
The black bear goes berserk!
You shoot an arrow. The arrow hits the black bear!
The black bear is almost dead.
The black bear bites you but does no damage.
The black bear claws you. The black bear barely misses you.
You shoot an arrow. The arrow hits the black bear.
The black bear is almost dead.
The black bear bites you.
The black bear claws you but does no damage. x2
The black bear barely misses you. The black bear claws you.
The black bear barely misses you.
You shoot an arrow. The arrow barely misses the black bear.
The black bear bites you. The black bear barely misses you. x2
The black bear bites you!
* * * LOW HITPOINT WARNING * * *
The black bear claws you but does no damage.
The black bear barely misses you.
You are too injured to fight recklessly!
You are too injured to fight recklessly!
You are too injured to fight recklessly!
You shoot an arrow.
The arrow hits the black bear but does no damage.
The black bear is almost dead.
The black bear closely misses you. The black bear claws you.
You die...

###.## #.# ##...#
#######<### .#...#
#.......#..
.#...####.......#.#
.#..............#.#
.#...####......##.###.#
................).....#
#################.#####
...........#....@.#
##########.#.####h......#
.............# .......#
##########......#......##
#......#......#
##.....#......#
#######......# #######


You could see a black bear (berserk).

Vanquished Creatures
  3 orc wizards (D:3)
  3 adders
  A worm (D:3)
  5 dart slugs
  10 orcs (D:3)
  3 ball pythons
  5 endoplasms
  2 giant cockroaches
  9 goblins
  5 hobgoblins
  4 jackals (D:1)
  4 quokkas
  8 bats
  2 frilled lizards
  5 kobolds
  3 rats
72 creatures vanquished.

Notes
Turn   | Place    | Note
-------+----------+-------------------------------------------
     0 | D:1      | MacCMillion the Barachi Hunter began the quest for the Orb.
     0 | D:1      | Reached XP level 1. HP: 17/17 MP: 1/1
    19 | D:1      | Reached skill level 1 in Stealth
   143 | D:1      | Reached XP level 2. HP: 23/23 MP: 2/2
   416 | D:1      | Reached XP level 3. HP: 28/28 MP: 3/3
   873 | D:2      | Reached skill level 5 in Ranged Weapons
  1088 | D:2      | Reached XP level 4. HP: 34/34 MP: 4/4
  1610 | D:3      | Identified the +10 dagger "Killer Bee's Bane" {freeze,
                  | Contam Int+3 Dex+3}
  1779 | D:3      | Found a shimmering altar of Xom.
  1954 | D:3      | Reached XP level 5. HP: 14/39 MP: 5/5
  2068 | D:3      | Found Cymaorux's Antique Armour Shoppe.
  2147 | D:3      | Found Loto Qaxom's Antique Weapon Shop.
  2157 | D:3      | Reached skill level 6 in Ranged Weapons
  2168 | D:3      | Bought a runed shortbow for 162 gold pieces
  2488 | D:3      | Found a faded altar of an unknown god.
  2562 | D:4      | Noticed a black bear
  2661 | D:4      | Slain by a black bear

Illustrated notes

Levels and vault maps discovered:
D:1:      minmay_arrival_semitransparent, layout_loops_ring
D:2:      layout_loops_cross
D:3:      layout_loops_ring, tgw_xom, hellmonk_ecumenical_altar_inner_sanctum,
          serial_shops, nicolae_shop_stone, nicolae_shop_tiny_statue_garden,
          corexii_hall_statues_l, chequers_serial_rivers_small_b,
          grunt_ministairs_14
D:4:      layout_basic, lemuel_mausoleum_altar_yredelemnul,
          nicolae_qazlal_style_of_elements, uniq_menkaure, uniq_duvessa

Skill      XL: |  1  2  3  4  5 |
---------------+----------------+-----
Stealth        | 1 2 |  2.0
Ranged Weapons | 5 6 |  6.5
Fighting       | |  2.4
Dodging        | |  2.1

Action                     |  1- 3 |  4- 6 || total
---------------------------+-------+-------++-------
  Melee: Shortbow          |       |     2 ||     2
   Fire: Shortbow          |    95 |   141 ||   236
 Armour: Leather armour    |    13 |    53 ||    66
  Dodge: Dodged            |    32 |    41 ||    73

Table legend: (Time is in decaauts)
 A = Elapsed time spent in this place.
 B = Non-inter-level travel time spent in this place.
 C = Inter-level travel time spent in this place.
 D = Time resting spent in this place.
 E = Time spent auto-exploring this place.
 F = Levels seen in this place.
 G = Mean time per level.
                   A        B        C        D        E       F      G
               +--------+--------+--------+--------+--------+-----+--------+
         Total |   3091 |   2971 |    120 |    302 |   2195 |   4 |  772.8 |
       Dungeon |   3091 |   2971 |    120 |    302 |   2195 |   4 |  772.8 |
               +--------+--------+--------+--------+--------+-----+--------+

Top non-repeatable levels by time:
     D:3: 1368 daAuts
     D:2: 840 daAuts
     D:1: 755 daAuts
     D:4: 126 daAuts
